 Dungeon Crawl Stone Soup version 0.28.0 (webtiles) character file.

Game seed: 5907743187781585504

2731 horus123 the Jinx (level 9, -3/45 HPs)
             Began as a Deep Elf Conjurer on Feb 11, 2022.
             Was a Follower of Makhleb.
             Slain by an orc warrior (12 damage)
             ... in a bailey.
             The game lasted 00:14:45 (8159 turns).

horus123 the Jinx (Deep Elf Conjurer)               Turns: 8159, Time: 00:14:46

Health: -3/45      AC:  4    Str:  4    XL:     9   Next: 40%
Magic:  4/23       EV: 12    Int: 28    God:    Makhleb [*.....]
Gold:   384        SH:  0    Dex: 13    Spells: 1/24 levels left

rFire   . . .      SeeInvis .   c - +0 short sword (protect)
rCold   . . .      Faith    .   (no shield)
rNeg    . . .      Spirit   .   a - +0 robe
rPois   .          Reflect  .   (no helmet)
rElec   .          Harm     .   n - +0 cloak
rCorr   .          Rampage  .   (no gloves)
Will    .....      NoTele   +   i - +0 pair of boots
Stlth   ++........              (no amulet)
HPRegen 0.15/turn               (no ring)
MPRegen 0.18/turn               (no ring)

@: immobile, very slightly contaminated
A: no striking features
a: Renounce Religion


You were in a bailey.
You worshipped Makhleb.
Makhleb was aware of your devotion.
You visited 2 branches of the dungeon, and saw 8 of its levels.
You also visited: Bailey.

You collected 384 gold pieces.

Inventory:

Hand Weapons
 c - a +0 short sword of protection (weapon)
Armour
 a - a +0 robe (worn)
 i - a +0 pair of boots (worn)
 n - a +0 cloak (worn)
Jewellery
 h - a ring of fire
Wands
 f - a wand of paralysis (14)
 g - a wand of iceblast (9)
 k - a wand of polymorph (10)
Scrolls
 j - 2 scrolls of teleportation
 o - a scroll of blinking
 s - a scroll of amnesia
 v - 2 scrolls of identify
Potions
 b - 3 potions of curing
 d - a potion of invisibility {unknown}
 e - 2 potions of flight
 l - 2 potions of brilliance
 m - a potion of might {unknown}
 p - a potion of lignification {unknown}
 q - 2 potions of berserk rage {unknown}
 r - 2 potions of heal wounds {unknown}
 t - 2 potions of haste {unknown}
 u - a potion of degeneration {unknown}


   Skills:
 - Level 2.4 Dodging
 - Level 2.4 Stealth
 - Level 8.0 Spellcasting
 - Level 9.0 Conjurations
 - Level 10.0 Hexes
 + Level 4.7 Air Magic


You had one spell level left.
You knew the following spells:

 Your Spells              Type           Power      Damage    Failure   Level
a - Magic Dart            Conj           100%       1d8       1%          1
b - Searing Ray           Conj           100%       2d8       1%          2
c - Dazzling Flash        Conj/Hex       100%       N/A       1%          3
d - Fulminant Prism       Conj/Hex       29%        3d14      1%          4
e - Poisonous Vapours     Pois/Air       48%        N/A       2%          2
f - Iskenderun's Mystic   Conj/Tloc      36%        2d9       8%          4
g - Ensorcelled Hibernat  Hex/Ice        78%        N/A       1%          2
h - Lightning Bolt        Conj/Air       24%        1d40      9%          5

Your spell library contained the following spells:

 Spells                   Type           Power      Damage    Failure   Level
 Sting                    Tmut/Pois      44%        1d5       4%          1
 Static Discharge         Conj/Air       49%        N/A       1%          2
 Swiftness                Air            37%        N/A       2%          3
 Blink                    Tloc           22%        N/A       8%          2
 Passwall                 Tmut/Erth      9%         N/A       8%          2
 Lesser Beckoning         Tloc           11%        N/A       14%         3
 Ozocubu's Armour         Ice            11%        N/A       14%         3
 Olgreb's Toxic Radiance  Pois           11%        N/A       43%         4
 Manifold Assault         Tloc           11%        N/A       80%         5
 Ozocubu's Refrigeration  Ice            5%         4d6       100%        7
 Maxwell's Capacitive Co  Air            18%        ∞         100%        8


Dungeon Overview and Level Annotations

Branches:
Dungeon (7/15)             Temple (1/1) D:5          Bailey (1/1)

Altars:
Ashenzari
Dithmenos
Elyvilon
Fedhas
Gozag
Hepliaklqana
Kikubaaqudgha
Makhleb
Okawaru
Qazlal
Ru
Sif Muna
Trog
Uskayaw
Wu Jian
Xom
Yredelemnul
Zin
The Shining One

Shops:
D:4 :


Message History

The orc warrior is moderately wounded.
The searing ray hits the orc!
You kill the orc!
Makhleb accepts your kill. (Press . to maintain the ray.)
The orc warrior hits you from afar with a +0 trident!
* * * LOW HITPOINT WARNING * * *
Okay, then.
Blink to where?
Press: ? - help, Dir - move target, p - orc warrior
As you read the scroll of blinking, it crumbles to dust.
You feel better.
You feel better.
There is a gate leading back out of this place here.
Casting: Searing Ray (safe; 1% risk of failure)
Confirm with . or Enter, or press ? or * to list all spells.
Aiming: Searing Ray (safe; 1% risk of failure)
Press: ? - help, Shift-Dir - straight line, f - orc warrior
Aim: an orc warrior, wielding a +0 trident and wearing a +0 chain mail (moderately wounded, 81% to hit)
The searing ray hits the orc warrior but does no damage.
The orc warrior is moderately wounded. (Press . to maintain the ray.)
The searing ray hits the orc warrior.
The orc warrior is moderately wounded.
The searing ray hits the orc warrior.
The orc warrior is heavily wounded.
The orc warrior hits you from afar with a +0 trident!
* * * LOW HITPOINT WARNING * * *
The searing ray hits the orc warrior!
The orc warrior is almost dead.
You finish channelling your searing ray.
The orc warrior closely misses you.
Casting: Searing Ray (safe; 1% risk of failure)
Confirm with . or Enter, or press ? or * to list all spells.
The spell is quite dangerous to miscast (8% risk of failure)!
Continue anyway?
You miscast Iskenderun's Mystic Blast.
You are very lightly contaminated with residual magic.
Strange energies run through your body.
You are magically locked in place.
The orc warrior hits you from afar with a +0 trident!
You die...

############ ##
##..))))..∩.##
.######.....#...@..#
.#....#..).###.....#
.')..)'.....8..o..∩#
.#....#....###.....#
.######.....#......#
## ##........∩.##
############


You could see an orc warrior.

Vanquished Creatures
  Grinder (D:4)
  Sigmund (D:3)
  2 water moccasins
  2 orc warriors
  2 ogres
  2 black bears
  A necrophage (D:5)
  A phantom (D:4)
  3 bullfrogs
  5 scorpions
  A water moccasin zombie (D:6)
  4 wights (D:6)
  7 hounds
  A bullfrog skeleton (D:5)
  A gnoll shaman (D:5)
  3 orc priests (D:5)
  2 centaur skeletons
  6 orc wizards
  A killer bee zombie (D:7)
  3 gnolls (D:5)
  4 adders
  An adder skeleton (D:4)
  A worm (D:4)
  A dart slug (D:2)
  30 orcs
  3 endoplasms
  4 giant cockroaches
  8 goblins
  7 hobgoblins
  7 jackals (D:5)
  9 kobolds
  4 quokkas
  3 ball pythons
  7 bats
  A frilled lizard (D:3)
  6 rats
145 creatures vanquished.

Vanquished Creatures (others)
  5 fulminant prisms
5 creatures vanquished.

Grand Total: 150 creatures vanquished

Notes
Turn   | Place    | Note
-------+----------+-------------------------------------------
     0 | D:1      | horus123 the Deep Elf Conjurer began the quest for the Orb.
     0 | D:1      | Reached XP level 1. HP: 10/10 MP: 6/6
   385 | D:1      | Reached XP level 2. HP: 15/15 MP: 2/9
   606 | D:1      | Learned a level 2 spell: Searing Ray
  1225 | D:2      | Found a faded altar of an unknown god.
  1379 | D:2      | Reached skill level 5 in Conjurations
  1379 | D:2      | Reached XP level 3. HP: 14/19 MP: 5/10
  1383 | D:2      | Learned a level 3 spell: Dazzling Flash
  1564 | D:2      | Reached skill level 1 in Hexes
  2108 | D:3      | Reached skill level 2 in Hexes
  2297 | D:3      | Reached skill level 3 in Hexes
  2297 | D:3      | Reached XP level 4. HP: 18/24 MP: 1/12
  2548 | D:3      | Noticed an ogre
  2552 | D:3      | Killed an ogre
  2553 | D:3      | Reached skill level 5 in Hexes
  2553 | D:3      | Reached XP level 5. HP: 28/28 MP: 7/13
  2617 | D:3      | Learned a level 4 spell: Fulminant Prism
  2656 | D:3      | Learned a level 2 spell: Poisonous Vapours
  2717 | D:3      | Noticed Sigmund
  2718 | D:3      | Reached skill level 6 in Hexes
  2724 | D:3      | Killed Sigmund
  2725 | D:3      | Reached skill level 7 in Hexes
  2725 | D:3      | Reached XP level 6. HP: 27/32 MP: 1/14
  3079 | D:4      | Reached skill level 8 in Hexes
  3413 | D:4      | Reached XP level 7. HP: 36/36 MP: 9/15
  3564 | D:4      | Found Cefebb's Book Emporium.
  3792 | D:4      | Noticed Grinder
  3800 | D:4      | Killed Grinder
  3801 | D:4      | Reached skill level 9 in Hexes
  4218 | D:5      | Entered Level 5 of the Dungeon
  4229 | D:5      | Reached skill level 10 in Hexes
  4575 | D:5      | Reached skill level 5 in Spellcasting
  4659 | D:5      | Learned a level 4 spell: Iskenderun's Mystic Blast
  4795 | D:5      | Reached XP level 8. HP: 36/41 MP: 9/19
  5123 | D:5      | Found a staircase to the Ecumenical Temple.
  5138 | Temple   | Entered the Ecumenical Temple
  5419 | Temple   | Became a worshipper of Makhleb the Destroyer
  6009 | D:5      | Learned a level 2 spell: Ensorcelled Hibernation
  6260 | D:6      | Reached XP level 9. HP: 8/45 MP: 6/23
  6738 | D:6      | Learned a level 5 spell: Lightning Bolt
  6816 | D:6      | Reached * piety under Makhleb
  6894 | D:6      | Reached skill level 1 in Air Magic
  7151 | D:6      | Found a broken altar of Ashenzari.
  7155 | D:6      | Saw a vision of the Shoals and the Snake Pit.
  7155 | D:6      | Noticed an anaconda
  7155 | D:6      | Noticed a merfolk siren
  7155 | D:6      | Noticed a merfolk
  7155 | D:6      | Noticed a merfolk siren
  7155 | D:6      | Noticed a merfolk siren
  7156 | D:6      | Noticed a guardian serpent
  7799 | D:7      | Found a flagged portal.
  7848 | Bailey   | Entered a bailey
  8147 | Bailey   | HP: 1/45 [orc warrior (15)]
  8159 | Bailey   | Slain by an orc warrior

Illustrated notes

Levels and vault maps discovered:
D:1:      dpeg_arrival_boxes_within_box, layout_basic, roderic_lattice_a
D:2:      layout_basic, serial_glass, glass_columns_c, glass_columns_b,
          basic_ecumenical_altar
D:3:      layout_loops_ring, uniq_sigmund
D:4:      layout_basic, kennysheep_windowed_goal, uniq_grinder
D:5:      layout_rooms, minmay_temple_entry_trees, grunt_ministairs_14
D:6:      layout_loops_ring, grunt_ashenzari_visionary
          [grunt_ashenzari_visionary_shoals, grunt_ashenzari_visionary_snake],
          chequers_ossuary_entry_cave
D:7:      layout_basic, vehumet_statue, enter_bailey_4,
          kennysheep_generic_room_13
Temple:   hc_temple_tempest_star
Bailey:   bailey_polearm_5, bailey

Skill      XL: |  1  2  3  4  5  6  7  8  9 |
---------------+----------------------------+-----
Spellcasting   | 4 6 8 |  8.0
Conjurations   | 5 8 9 |  9.0
Hexes          | 3 5 7 8 10 | 10.0
Air Magic      | 4 |  4.7
Dodging        | |  2.4
Stealth        | |  2.4

Action                   |  1- 3 |  4- 6 |  7- 9 || total
-------------------------+-------+-------+-------++-------
Melee: Short sword       |     3 |    23 |    15 ||    41
 Cast: Magic Dart        |    77 |    30 |   143 ||   250
       Searing Ray       |     1 |     4 |    31 ||    36
       Dazzling Flash    |       |       |     1 ||     1
       Fulminant Prism   |       |       |     5 ||     5
       Iskenderun's Myst |       |       |     3 ||     3
       Lightning Bolt    |       |       |     1 ||     1
  Use: Scroll            |     6 |       |     6 ||    12
       Potion            |       |     1 |     2 ||     3
Armor: Robe              |     2 |    13 |    35 ||    50
Dodge: Dodged            |     3 |    22 |   109 ||   134
